 Dungeon Crawl Stone Soup version 0.30-a0-1002-ga41ad49a19 (webtiles) character file.

Game seed: 7913223953527328260

3304436 jrbgvjkr the Conqueror (level 27, 409/409 HPs)
             Began as a Minotaur Fighter on Mar 28, 2023.
             Was the Champion of Okawaru.
             Escaped with the Orb
             ... and 5 runes on Apr 5, 2023!
             The game lasted 02:33:06 (66859 turns).

jrbgvjkr the Conqueror (Minotaur Fighter)          Turns: 66859, Time: 02:33:07

Health: 409/409    AC: 28    Str: 46    XL:     27
Magic:  35/35      EV: 19    Int: 14    God:    Okawaru [******]
Gold:   9335       SH: 22    Dex:  8    Spells: 45/45 levels left

rFire   + + +      SeeInvis .    p - +8 mithril axe "Arga" {speed, Will+}
rCold   + . .      Faith    .    N - +5 kite shield {AC+3}
rNeg    + + +      Spirit   +    P - +1 scale mail of the Tick {Contam rCorr Int+5 Slay+3}
rPois   +          Reflect  .    R - +0 hat of Olunticzi {Drain rElec rF++ Str+2}
rElec   +          Rampage  +    Y - +2 cloak {rF+}
rCorr   +          Rage     3%   T - -1 pair of gloves of Jefy {rN+++ Str+6 Dex-5}
Will    +++++                    v - +3 pair of boots of Indemnity {Rampage Str+2 Int+4} Stlth
                                 F - amulet of Awe {Spirit Regen+ Str+4}
HPRegen 1.68/turn                l - +4 ring of slaying
MPRegen 0.24/turn                O - ring "Myboytach" {Fly rPois Will++}

@: berserking, corroded, flying, studying Axes, very quick
A: horns 2, retaliatory headbutt, iridescent scales 2, berserk 1, cold
resistance 1, subdued magic 2
0: Orb of Zot
}: 5/15 runes: serpentine, barnacled, slimy, silver, abyssal
a: Renounce Religion, Heroism, Finesse, Duel


You escaped.
You worshipped Okawaru.
Okawaru was exalted by your worship.
You visited 12 branches of the dungeon, and saw 56 of its levels.
You visited the Abyss 1 time.
You visited 1 ziggurat, and saw 10 of its levels.
You also visited: Trove, Ossuary, Gauntlet and Volcano.

You collected 10879 gold pieces.
You spent 1544 gold pieces at shops.

Inventory:

Hand Weapons
 p - the +8 mithril axe "Arga" (weapon) {speed, Will+}
   (You found it on level 3 of the Dungeon)

   Will:      It increases your willpower.
 w - a +9 broad axe of electrocution
 A - a +7 broad axe of flaming
 C - the +8 broad axe "Yhew" {spect, Drain rF+ Will+ Str+6}
   (Okawaru gifted it to you on level 2 of the Vaults)

   Str:       It affects your strength (+6).
   rF:        It protects you from fire.
   Drain:     It drains your maximum health when unequipped.
   Will:      It increases your willpower.
 V - a +9 heavy broad axe
Missiles
 y - 7 throwing nets (quivered)
Armour
 h - the +2 pair of gloves "Qarroiw" {rC+ Int+4}
   (You acquired it on level 5 of the Lair of Beasts)

   Int:       It affects your intelligence (+4).
   rC:        It protects you from cold.
 v - the +3 pair of boots of Indemnity (worn) {Rampage Str+2 Int+4}
   (Okawaru gifted it to you on level 4 of the Snake Pit)

   Str:       It affects your strength (+2).
   Int:       It affects your intelligence (+4).
   Rampage:   It bestows one free step when moving towards enemies.
 x - the +1 cloak of Magic {rElec rF+ Will- Dex+4}
   (You bought it in a shop on level 1 of the Vaults)

   Dex:       It affects your dexterity (+4).
   rF:        It protects you from fire.
   rElec:     It insulates you from electricity.
   Will:      It decreases your willpower.
 I - a +2 pair of boots of flying
 N - a +5 kite shield of protection (worn)
 P - the +1 scale mail of the Tick (worn) {Contam rCorr Int+5 Slay+3}
   (Okawaru gifted it to you on level 11 of the Dungeon)

   Int:       It affects your intelligence (+5).
   Slay:      It affects your accuracy & damage with ranged weapons and melee
   (+3).
   Contam:    It causes magical contamination when unequipped.
   rCorr:     It protects you from acid and corrosion.
 R - the +0 hat of Olunticzi (worn) {Drain rElec rF++ Str+2}
   (You found it in a Gauntlet)

   Str:       It affects your strength (+2).
   rF:        It greatly protects you from fire.
   rElec:     It insulates you from electricity.
   Drain:     It drains your maximum health when unequipped.
 T - the -1 pair of gloves of Jefy (worn) {rN+++ Str+6 Dex-5}
   (You bought it in a shop on level 2 of the Shoals)

   Str:       It affects your strength (+6).
   Dex:       It affects your dexterity (-5).
   rN:        It renders you almost immune to negative energy.
 W - a +2 pair of gloves of infusion
 Y - a +2 cloak of fire resistance (worn)
Jewellery
 a - a ring of see invisible
 l - a +4 ring of slaying (left hand)
 F - the amulet of Awe (around neck) {Spirit Regen+ Str+4}
   (You found it in a treasure trove)

   [amulet of guardian spirit]

   It causes incoming damage to be divided between your reserves of health and
   magic.
   Str:       It affects your strength (+4).
   Regen:     It increases your rate of health regeneration.
 J - a +4 ring of slaying
 O - the ring "Myboytach" (right hand) {Fly rPois Will++}
   (You found it on level 2 of the Vaults)

   [ring of flight]

   rPois:     It protects you from poison.
   Fly:       It grants you flight.
   Will:      It greatly increases your willpower.
Wands
 n - a wand of quicksilver (20)
 o - a wand of digging (23)
 E - a wand of polymorph (38)
Scrolls
 c - 21 scrolls of teleportation
 f - 17 scrolls of magic mapping
 g - a scroll of immolation
 i - 4 scrolls of silence
 r - 4 scrolls of brand weapon
 D - 5 scrolls of fear
 G - 10 scrolls of fog
 U - 8 scrolls of enchant armour
Potions
 b - 7 potions of cancellation
 d - 14 potions of might
 e - 27 potions of curing
 j - 13 potions of attraction
 q - 6 potions of magic
 s - 4 potions of resistance
 t - 5 potions of heal wounds
 z - 3 potions of berserk rage
 B - 6 potions of mutation
 L - 9 potions of flight
 S - 3 potions of ambrosia
 Z - 7 potions of haste
Miscellaneous
 H - a condenser vane


   Skills:
 O Level 27 Fighting
 O Level 27 Axes
 O Level 27 Armour
 O Level 27 Dodging
 O Level 27 Shields
 + Level 9.7 Spellcasting
 - Level 8.0 Invocations


You had 45 spell levels left.
You didn't know any spells.
Your spell library contained the following spells:

 Spells                   Type           Power      Damage    Failure   Level
 Apportation              Tloc           8%         N/A       9%          1
 Foxfire                  Conj/Fire      16%        2x1d4     9%          1
 Freeze                   Ice            16%        1d4       9%          1
 Kiss of Death            Conj/Necr      16%        2d6       9%          1
 Necrotise                Necr           16%        1d4       9%          1
 Sandblast                Erth           8%         2d5       9%          1
 Shock                    Conj/Air       16%        1d4       9%          1
 Slow                     Hex            16%        N/A       9%          1
 Sting                    Tmut/Pois      16%        1d3       9%          1
 Blink                    Tloc           8%         N/A       14%         2
 Cigotuvi's Dreadful Rot  Necr/Pois/Air  8%         N/A       14%         2
 Ensorcelled Hibernation  Hex/Ice        8%         N/A       14%         2
 Lesser Beckoning         Tloc           8%         N/A       14%         2
 Momentum Strike          Conj/Tloc      8%         3d8       14%         2
 Passwall                 Tmut/Erth      3%         N/A       14%         2
 Poisonous Vapours        Pois/Air       8%         N/A       14%         2
 Scorch                   Fire           8%         2d5       14%         2
 Static Discharge         Conj/Air       8%         2-3/arc   14%         2
 Sublimation of Blood     Necr           4%         N/A       14%         2
 Wereblood                Tmut           4%         N/A       14%         2
 Confusing Touch          Hex            4%         N/A       28%         3
 Dazzling Flash           Conj/Hex       8%         N/A       28%         3
 Frozen Ramparts          Ice            8%         1d2       28%         3
 Gell's Gravitas          Tloc           4%         N/A       28%         3
 Hailstorm                Conj/Ice       4%         3d4       28%         3
 Ignite Poison            Fire/Tmut/Pois 4%         N/A       28%         3
 Inner Flame              Hex/Fire       4%         N/A       28%         3
 Kindle Blastsparks       Fire/Tloc/Air  8%         2d10      28%         3
 Mephitic Cloud           Conj/Pois/Air  4%         N/A       28%         3
 Portal Projectile        Hex/Tloc       8%         N/A       28%         3
 Spider Form              Tmut/Pois      4%         N/A       28%         3
 Swiftness                Air            4%         N/A       28%         3
 Teleport Other           Tloc           4%         N/A       28%         3
 Vampiric Draining        Necr           4%         2d6       28%         3
 Vhi's Electric Charge    Tloc/Air       8%         N/A       28%         3
 Airstrike                Air            2%         2d(1-17)  71%         4
 Anguish                  Hex/Necr       2%         N/A       71%         4
 Cause Fear               Hex            2%         N/A       71%         4
 Dispel Undead            Necr           4%         3d7       71%         4
 Flame Wave               Conj/Fire      4%         2d5       71%         4
 Ice Form                 Ice/Tmut       4%         N/A       71%         4
 Leda's Liquefaction      Hex/Erth       2%         N/A       71%         4
 Olgreb's Toxic Radiance  Pois           4%         N/A       71%         4
 Passage of Golubria      Tloc           4%         N/A       71%         4
 Petrify                  Tmut/Erth      4%         N/A       71%         4
 Sticky Flame             Conj/Fire      4%         2d3       71%         4
 Agony                    Necr           4%         N/A       97%         5
 Alistair's Intoxication  Tmut/Pois      2%         N/A       97%         5
 Arcjolt                  Conj/Air       2%         1d12      97%         5
 Blade Hands              Tmut           2%         N/A       97%         5
 Borgnjor's Vile Clutch   Necr/Erth      2%         N/A       97%         5
 Fireball                 Conj/Fire      2%         3d4       97%         5
 Freezing Cloud           Conj/Ice/Air   2%         6-21      97%         5
 Irradiate                Conj/Tmut      2%         3d12      97%         5
 Iskenderun's Battlesphe  Conj           4%         2d6       97%         5
 Lee's Rapid Deconstruct  Erth           2%         3d4*      97%         5
 Metabolic Englaciation   Hex/Ice        2%         N/A       97%         5
 Silence                  Hex/Air        2%         N/A       97%         5
 Yara's Violent Unravell  Hex/Tmut       2%         3d3       97%         5
 Conjure Ball Lightning   Conj/Air       2%         3x3d6     100%        6
 Dispersal                Tloc           2%         N/A       100%        6
 Eringya's Noxious Bog    Tmut/Pois      2%         N/A       100%        6
 Iron Shot                Conj/Erth      2%         9d2       100%        6
 Plasma Beam              Fire/Air       2%         2x1d13    100%        6
 Starburst                Conj/Fire      2%         6d3       100%        6
 Statue Form              Tmut/Erth      2%         N/A       100%        6
 Enfeeble                 Hex            2%         N/A       100%        7
 Orb of Destruction       Conj           2%         9d5       100%        7
 Ozocubu's Refrigeration  Ice            2%         4d7       100%        7
 Storm Form               Tmut/Air       2%         N/A       100%        7
 Borgnjor's Revivificati  Necr           2%         N/A       100%        8
 Discord                  Hex            2%         N/A       100%        8
 Disjunction              Tloc           2%         N/A       100%        8
 Ignition                 Fire           2%         3d3       100%        8
 Lehudib's Crystal Spear  Conj/Erth      2%         10d2      100%        8
 Maxwell's Capacitive Co  Air            2%         ∞         100%        8
 Necromutation            Tmut/Necr      2%         N/A       100%        8
 Death's Door             Necr           2%         N/A       100%        9
 Summon Small Mammal      Summ           Unusable   N/A       N/A         1
 Call Canine Familiar     Summ           Unusable   N/A       N/A         3
 Summon Guardian Golem    Hex/Summ       Unusable   N/A       N/A         3
 Tukima's Dance           Hex            Unusable   N/A       N/A         3
 Animate Dead             Necr           Unusable   N/A       N/A         4
 Summon Ice Beast         Ice/Summ       Unusable   N/A       N/A         4
 Summon Lightning Spire   Summ/Air       Unusable   N/A       N/A         4
 Death Channel            Necr           Unusable   N/A       N/A         6
 Simulacrum               Ice/Necr       Unusable   N/A       N/A         6
 Summon Cactus Giant      Summ           Unusable   N/A       N/A         6
 Summon Hydra             Summ           Unusable   N/A       N/A         7
 Infestation              Necr           Unusable   N/A       N/A         8

Dungeon Overview and Level Annotations

Branches:
Dungeon (15/15)            Temple (1/1) D:4            Lair (5/5) D:8
 Shoals (4/4) Lair:3        Snake (4/4) Lair:2        Slime (5/5) Lair:4
    Orc (2/2) D:12            Elf (3/3) Orc:2        Vaults (5/5) D:14
  Crypt (3/3) Vaults:2       Tomb (0/3) Crypt:3      Depths (4/4) D:15
    Zot (5/5) Depths:4    Ossuary (visited)         Volcano (visited)
Gauntlet (visited)

Altars:
Ashenzari
Dithmenos
Elyvilon
Gozag
Kikubaaqudgha
Makhleb
Nemelex Xobeh
Okawaru
Qazlal
Sif Muna
Uskayaw
Vehumet
Xom
Yredelemnul
Zin
The Shining One
Jiyva

Shops:
D:2 *   D:3 *   D:13 [   D:15 (   Orc:1 :   Orc:2 [(=*   Elf:1 (   Elf:2 !
Shoals:2 [   Snake:1 =:=   Snake:3 *   Vaults:1 [[=   Vaults:4 ((

Portals:
Hell: Depths:1 Depths:2 Depths:3 Depths:4
Abyss: Depths:1 Depths:3 Depths:4
Pandemonium: Depths:2 Depths:3

Annotations:
D:1 1 transporter


Innate Abilities, Weirdness & Mutations

You have a pair of horns on your head.
You reflexively headbutt those who attack you in melee.
You are mostly covered in iridescent scales. (AC +4)
You sometimes lose your temper in combat.
Your flesh is cold resistant. (rC+)
Your spells are easier to cast, but less powerful.


Message History

The efreet is moderately wounded.
A red film seems to cover your vision as you go berserk!
You feel yourself moving faster!
You feel mighty!
You slice the efreet!!
You kill the efreet!
Okawaru accepts your kill.
No target in view!
No target in view!
No target in view!
Unknown command.
Unknown command.
You start resting.
You feel a strong urge to attack something.
Unknown command.
You start resting.
Magic restored.
You feel your anger nearly subside.
You are no longer berserk.
You are exhausted.
You feel yourself slow down.
You start resting.
HP restored.
You start waiting.
You feel yourself speed up.
You start waiting.
You recover from your berserk rage.
You start waiting.
A rust devil comes into view.
You block the rust devil's attack.
Unknown command.
You slash the rust devil! You headbutt the rust devil.
The rust devil is heavily wounded.
You slice the rust devil!!
The rust devil is almost dead.
The rust devil hits you. The rust devil corrodes you!
A red film seems to cover your vision as you go berserk!
You feel yourself moving faster!
You feel mighty!
You slash the rust devil!
You kill the rust devil!
Okawaru accepts your kill.
Unknown command.
Unknown command.
Unknown command.
You have escaped!

##............#..................
...........##..##................
.#.........##...##........##..###
.....###.####....##.......##..#
.##..# #.# #.....##©....>....###
.##..###.####.#########...#......
...........##..#########..#...###
..#..#...#.##.#.#©##......#...# #
...............#@#.##.........# #
#.#..##....####.#.#.##....#...###
#.#............#.#.#.##..........
..##.##).#..##...#....##..#...###
................................#
.........#.....###....##..#...#.#
..........................#...#.#
..............................#.#
###..##.##.##....#...#....#..##.#


There were no monsters in sight!

Vanquished Creatures
  the Royal Jelly (Slime:5)
  4 dread liches
  2 ancient liches
  7 orbs of fire
  Mara (Depths:2)
  Mennas (Crypt:2)
  A juggernaut (Depths:4)
  Parghit (Zot:3)
  A shard shrike (Zig:6)
  Margery (Vaults:3)
  Frederick (Vaults:5)
  Boris (thrice) (Crypt:3 Depths:1 Depths:3)
  3 Killer Klowns (Zot:5)
  The ghost of Qikas the Invulnerable, a veteran MiBe of Trog (Depths:4)
  Saint Roka (Orc:2)
  Vashnia (Snake:3)
  Xtahua (Crypt:2)
  5 caustic shrikes
  4 curse toes
  9 golden dragons
  the Enchantress (Depths:4)
  Jory (Crypt:3)
  A profane servitor (Abyss:3)
  3 bone dragons
  A Brimstone Fiend (Zot:4)
  An iron giant (Zot:2)
  3 doom hounds (Zot:1)
  2 pandemonium lords
  2 electric golems (Zot:5)
  13 tentacled monstrosities
  An Ice Fiend (Zig:8)
  A Hell Sentinel (D:4)
  Mlioglotl (Shoals:4)
  26 Orb Guardians
  A walking earthen tome (Depths:3)
  4 liches
  Grunn (Zot:1)
  Asterion (Vaults:2)
  2 deep elf blademasters (Elf:3)
  A deep elf master archer (Elf:3)
  5 titans
  8 quicksilver dragons
  5 ancient champions
  2 walking frostbound tomes
  Polyphemus (Shoals:2)
  12 death cobs
  7 tentacled starspawn
  13 acid blobs
  An Executioner (Abyss:2)
  2 sphinxes (Vaults:5)
  15 storm dragons
  19 draconian monks
  A revenant (Crypt:2)
  Donald (Crypt:2)
  10 shadow dragons
  13 tengu reavers
  8 deep elf sorcerers
  9 fire giants
  2 nagarajas (Snake:4)
  9 draconian knights
  Ilsuiw (Shoals:4)
  5 azure jellies (Slime:5)
  16 frost giants
  6 rockslimes
  3 iron dragons
  A quicksilver elemental (Zig:3)
  2 balrugs
  15 draconian scorchers
  23 vault wardens
  Louise (Snake:3)
  2 caustic shrike zombies (Crypt:3)
  7 draconian shifters
  7 curse skulls
  A juggernaut zombie (D:15)
  7 ghost moths
  2 orc warlords
  A broodmother (Zig:7)
  7 deep elf elementalists (Elf:3)
  5 ghouls
  4 spriggan defenders (Depths:4)
  6 draconian annihilators
  10 stone giants
  A reaper (Crypt:1)
  8 quicksilver oozes
  A cacodemon (Abyss:2)
  7 draconian stormcallers
  7 very ugly things
  8 ironbound thunderhulks
  18 ironbound preservers
  13 green draconians
  7 deep elf demonologists
  18 black draconians
  3 dire elephants (Vaults:4)
  An eleionoma (shapeshifter) (Depths:3)
  17 red draconians
  35 starcursed masses
  A lorocyproca (Depths:3)
  30 vampire knights
  13 deep elf annihilators
  15 white draconians
  14 purple draconians
  A minotaur (Gauntlet)
  19 yellow draconians
  11 deep elf death magi
  4 spark wasps
  9 eidola
  A crystal guardian (Vaults:2)
  16 ettins
  3 blizzard demons
  13 merfolk impalers
  6 deep elf high priests
  10 merfolk javelineers
  3 entropy weavers
  14 jiangshi
  3 mummy priests
  10 fire dragons
  Erolcha (D:9)
  A rakshasa (Depths:2)
  2 spriggan zombies
  12 yaktaur captains
  8 ice dragons
  A peacekeeper (Vaults:2)
  49 vault guards
  15 hydras
  2 hell beasts (D:13)
  A spriggan skeleton (Abyss:3)
  A jorogumo (Zig:7)
  A great orb of eyes (shapeshifter) (Vaults:2)
  3 great orbs of eyes
  10 anacondas
  7 salamander tyrants
  6 spriggan air magi
  4 merfolk aquamancers (Shoals:4)
  13 two-headed ogres
  6 ironbound frosthearts
  A death knight (Crypt:1)
  32 dancing weapons
  2 ogre magi
  12 centaur warriors
  A satyr (Shoals:4)
  3 boulder beetles
  An alligator (Lair:2)
  6 merfolk avatars
  An anaconda (shapeshifter) (Depths:3)
  4 catoblepae
  2 tengu warriors
  14 naga warriors
  2 deep troll shamans
  3 deep troll earth magi
  2 death scarabs (Gauntlet)
  11 vampire magi
  9 death yaks
  6 shock serpents
  Urug (Orc:2)
  3 hell hogs
  Sonja (Lair:3)
  2 spriggan berserkers
  6 sun demons
  7 thrashing horrors (Abyss:3)
  2 orc high priests
  16 naga sharpshooters
  2 spriggans (Depths:4)
  A shock serpent (shapeshifter) (Depths:3)
  Nergalle (Orc:2)
  13 deep elf knights
  3 soul eaters
  3 titan skeletons
  11 skysharks
  A skyshark (shapeshifter) (Zig:1)
  2 shadow wraiths (Crypt:2)
  7 sixfirhies
  3 hell knights
  2 fire crabs (shapeshifter) (Depths:3)
  6 salamander mystics
  A sun moth (Zig:7)
  41 skeletal warriors
  A death drake (shapeshifter) (Vaults:2)
  4 wretched stars (Abyss:3)
  A goliath frog (shapeshifter) (Depths:3)
  A spectral death yak (Gauntlet)
  3 bog bodies (Crypt:1)
  3 spatial maelstroms
  6 glowing orange brains
  19 sea snakes
  6 flayed ghosts
  6 naga ritualists
  40 deep trolls
  An orb spider (Zig:7)
  A shadow demon (Abyss:3)
  A swamp dragon (Vaults:2)
  A spark wasp zombie (D:15)
  23 ironbound convokers
  An obsidian statue (Zig:10)
  5 wizards
  Pikel (D:9)
  A bunyip skeleton (Crypt:3)
  9 orc knights
  5 orc sorcerers
  A sphinx zombie (Vaults:4)
  A lindwurm (shapeshifter) (Depths:3)
  8 deep elf archers
  2 wolf spider zombies (D:15)
  13 necromancers
  4 lindwurms
  A shadow dragon skeleton (Crypt:1)
  32 phantasmal warriors
  31 ugly things
  26 harpies
  A mana viper (shapeshifter) (Elf:1)
  22 deep elf pyromancers
  11 deep elf zephyrmancers
  A wolf spider (Zig:7)
  A harpy (shapeshifter) (Depths:3)
  5 mana vipers
  7 shining eyes
  28 moths of wrath
  12 elephants
  An oklob plant (Gauntlet)
  4 stone giant zombies
  15 fauns
  7 guardian serpents
  6 cyclopes
  14 large abominations
  28 salamanders
  16 manticores
  A fire giant skeleton (Vaults:4)
  8 merfolk sirens
  38 black mambas
  An eye of devastation (shapeshifter) (Depths:3)
  22 vault sentinels
  3 centaur zombies
  A moth of wrath (shapeshifter) (Zig:1)
  A worldbinder (Abyss:1)
  An eleionoma skeleton (Crypt:1)
  A torpor snail (Gauntlet)
  An ice statue (Zig:10)
  11 naga magi
  A rust devil (D:1)
  An elephant (shapeshifter) (Vaults:5)
  2 torpor snails (shapeshifter)
  7 water nymphs
  Maurice (D:8)
  2 molten gargoyles (Volcano)
  10 cane toads
  7 smoke demons
  A kobold demonologist (D:11)
  3 unseen horrors
  A green draconian zombie (Crypt:3)
  A cane toad (shapeshifter) (Depths:3)
  Psyche (D:11)
  11 freezing wraiths
  47 yaktaurs
  A redback zombie (Crypt:1)
  A hellion (Abyss:2)
  2 dire elephant skeletons (Crypt:2)
  2 tengu conjurers
  3 tormentors
  10 komodo dragons
  An unseen horror zombie (Crypt:3)
  10 rime drakes
  An ice devil (Zig:6)
  3 efreet
  An alligator snapping turtle skeleton (Crypt:3)
  7 guardian mummies
  An anaconda simulacrum (Abyss:1)
  A merfolk (shapeshifter) (Depths:3)
  5 trolls
  3 meliai (D:13)
  4 ancient zymes (Abyss:3)
  35 merfolk
  9 wind drakes
  2 hellwings
  6 harpy zombies
  3 polar bears
  A tengu simulacrum (Vaults:4)
  6 hornets
  A wind drake (shapeshifter) (Depths:3)
  12 blink frogs
  2 hydra skeletons (Crypt:2)
  A meliai (shapeshifter) (D:14)
  5 dream sheep
  A raiju (shapeshifter) (Depths:3)
  A frost giant simulacrum (Zig:6)
  6 raiju
  A satyr zombie (Crypt:3)
  A meliai zombie (D:15)
  10 snapping turtles
  A radroach zombie (Crypt:2)
  A slime creature (shapeshifter) (Vaults:5)
  A vampire (D:15)
  17 water elementals
  2 culicivoras (shapeshifter)
  An air elemental (Abyss:3)
  61 slime creatures
  An ice dragon skeleton (Crypt:2)
  A black mamba zombie (Crypt:3)
  A shadow (Abyss:2)
  29 yaks
  A basilisk (Lair:2)
  17 wraiths
  4 ynoxinuls
  2 fire elementals (Elf:1)
  A dire elephant simulacrum (Abyss:3)
  A human (shapeshifter) (D:14)
  10 wyverns
  7 fire bats
  7 golden eyes
  20 humans
  A neqoxec (Abyss:3)
  3 black mamba skeletons
  3 steam dragons
  2 vampire mosquitoes (D:13)
  11 small abominations
  A spatial vortex (Abyss:2)
  48 nagas
  A spectral cane toad (Gauntlet)
  3 wargs
  2 acid dragons
  A glowing shapeshifter zombie (D:15)
  A cane toad zombie (Crypt:1)
  An acid dragon (shapeshifter) (Depths:3)
  21 water moccasins
  A faun skeleton (Crypt:1)
  A demonspawn skeleton (Crypt:1)
  A swamp drake (D:12)
  3 ice beasts
  46 orc warriors
  2 sky beasts (D:7)
  4 black bears
  7 ogres
  A wolf (shapeshifter) (Vaults:5)
  6 wolves (Lair:1)
  An ogre (shapeshifter) (Depths:3)
  10 boggarts
  2 centaurs
  2 lindwurm skeletons
  A lemure (D:9)
  A kobold brigand (D:9)
  A hog skeleton (Crypt:1)
  3 earth elementals
  9 bullfrogs
  2 elf zombies (Ossuary)
  3 gnoll sergeants
  A wyvern zombie (Crypt:3)
  5 necrophages (Lair:3)
  6 scorpions
  A yaktaur skeleton (Crypt:2)
  13 wights
  A shapeshifter zombie (Crypt:1)
  A swamp dragon simulacrum (Crypt:2)
  A queen bee zombie (Crypt:2)
  10 killer bees
  7 electric eels
  A howler monkey (D:5)
  2 vampire bats (Lair:4)
  3 jellies
  6 lava snakes (Volcano)
  3 hounds
  2 quasits (Abyss:2)
  2 centaur skeletons
  30 orc priests
  A bullfrog skeleton (Crypt:3)
  3 human zombies
  An iron imp (Abyss:3)
  4 iguanas
  Terence (D:2)
  A boggart zombie (D:15)
  A sleepcap (D:8)
  39 orc wizards
  A hell rat (Lair:2)
  A naga zombie (Crypt:2)
  An ogre zombie (Crypt:2)
  4 mummies (Ossuary)
  7 adders
  20 gnolls
  3 white imps
  An ufetubus (Abyss:2)
  4 worms
  5 dart slugs
  102 orcs
  8 ball pythons
  A bat skeleton (Crypt:3)
  5 endoplasms
  8 giant cockroaches
  A gnoll zombie (Ossuary)
  11 goblins
  18 hobgoblins
  14 jackals
  11 kobolds
  10 quokkas
  12 bats
  4 frilled lizards
  A giant cockroach zombie (Crypt:2)
  A gnoll skeleton (Crypt:1)
  A goblin zombie (Ossuary)
  2 jackal zombies (Ossuary)
  A kobold zombie (Ossuary)
  7 rats
  3 rat zombies (Ossuary)
  10 starspawn tentacles
2718 creatures vanquished.

Vanquished Creatures (others)
  A caustic shrike (Depths:4)
  A tentacled starspawn (Abyss:2)
  2 draconian knights
  A vault warden (Vaults:5)
  A draconian scorcher (Zot:5)
  2 ghost moths
  A draconian shifter (Zot:1)
  An ironbound preserver (Vaults:5)
  2 draconian stormcallers
  A stone giant (Vaults:5)
  A deep elf annihilator (Elf:3)
  A purple draconian (Zot:3)
  A white draconian (Zot:1)
  An ettin (Depths:4)
  A deep elf high priest (Vaults:5)
  An ice dragon (Zot:3)
  A vault guard (Vaults:5)
  A thrashing horror (Abyss:2)
  A hell knight (Depths:2)
  A soul eater (Depths:2)
  A deep troll (Vaults:3)
  2 steelbarb worms (Zig:7)
  A phantasmal warrior (Crypt:2)
  A harpy (Shoals:2)
  An ironbound convoker (Vaults:5)
  A moth of wrath (Zot:3)
  A vault sentinel (Vaults:5)
  A hellion (Depths:2)
  A water elemental (Shoals:4)
  2 small abominations (Abyss:1)
  49 fungi
  A lurking horror (Abyss:1)
  86 plants
  10 starspawn tentacles
  5 withered plants (D:15)
186 creatures vanquished.

Grand Total: 2904 creatures vanquished

Notes
Turn   | Place    | Note
-------+----------+-------------------------------------------
     0 | D:1      | jrbgvjkr the Minotaur Fighter began the quest for the Orb.
     0 | D:1      | Reached XP level 1. HP: 19/19 MP: 0/0
   207 | D:1      | Reached XP level 2. HP: 27/27 MP: 1/1
   480 | D:1      | Reached skill level 1 in Dodging
   570 | D:1      | Reached XP level 3. HP: 33/33 MP: 2/2
   951 | D:2      | Noticed Terence
   961 | D:2      | Reached XP level 4. HP: 11/40 MP: 3/3
   961 | D:2      | Killed Terence
  1157 | D:2      | Found Ticwok's Assorted Antiques.
  1195 | D:2      | Reached XP level 5. HP: 32/47 MP: 4/4
  1825 | D:3      | Found the +8 mithril axe "Arga" {speed, Will+}
  1964 | D:3      | Found Nalar's General Store.
  2296 | D:2      | Bought a metallic red potion for 18 gold pieces
  2296 | D:2      | Bought a lumpy golden potion for 18 gold pieces
  2339 | D:3      | Reached XP level 6. HP: 52/55 MP: 5/5
  2428 | D:4      | Reached skill level 5 in Fighting
  2428 | D:4      | Reached skill level 5 in Armour
  2428 | D:4      | Reached skill level 5 in Shields
  2428 | D:4      | Found a staircase to the Ecumenical Temple.
  2441 | Temple   | Entered the Ecumenical Temple
  2513 | Temple   | Became a worshipper of Warmaster Okawaru
  2646 | D:4      | Noticed a water moccasin
  2650 | D:4      | Killed a water moccasin
  2651 | D:4      | Reached XP level 7. HP: 61/61 MP: 6/6
  2840 | D:5      | Entered Level 5 of the Dungeon
  2913 | D:5      | Reached * piety under Okawaru
  2914 | D:5      | Reached skill level 5 in Axes
  3030 | D:5      | Found a shadowy altar of Dithmenos.
  3166 | D:5      | Reached XP level 8. HP: 70/70 MP: 7/7
  3594 | D:5      | Found a sparkling altar of Nemelex Xobeh.
  3678 | D:2      | Bought a scroll of magic mapping for 157 gold pieces
  3745 | D:3      | Bought a potion of curing for 39 gold pieces
  3801 | D:6      | Found a burning altar of Makhleb.
  3864 | D:6      | Found a white marble altar of Elyvilon.
  4146 | D:6      | Reached ** piety under Okawaru
  4255 | D:6      | Identified the +1 ring mail of Inaction {Rampage}
  4581 | D:7      | Reached skill level 5 in Dodging
  5149 | D:7      | Reached XP level 9. HP: 74/79 MP: 8/8
  5344 | D:8      | Noticed a two-headed ogre
  5351 | D:8      | Killed a two-headed ogre
  5351 | D:8      | Reached *** piety under Okawaru
  5397 | D:8      | Found a sand-covered staircase.
  5407 | Ossuary  | Entered an ossuary
  5618 | D:8      | Noticed Maurice
  5623 | D:8      | Killed Maurice
  5623 | D:8      | Reached **** piety under Okawaru
  5671 | D:8      | Found a radiant altar of Vehumet.
  5697 | D:8      | Found a staircase to the Lair.
  5712 | D:8      | Reached XP level 10. HP: 90/90 MP: 9/9
  5726 | D:8      | Noticed a two-headed ogre
  5734 | D:8      | Killed a two-headed ogre
  5804 | D:8      | Gained mutation: You are frail. (-10% HP) [potion of
                  | mutation]
  5804 | D:8      | Gained mutation: You are dopey. (Int -2) [potion of
                  | mutation]
  5804 | D:8      | Gained mutation: Your muscles are strong. (Str +4, Int/Dex
                  | -1) [potion of mutation]
  5804 | D:8      | Gained mutation: You are agile. (Dex +4, Str/Int -1)
                  | [potion of mutation]
  5805 | D:8      | Lost mutation: You are dopey. (Int -2) [potion of mutation]
  5805 | D:8      | Lost mutation: Your muscles are strong. (Str +4, Int/Dex
                  | -1) [potion of mutation]
  5805 | D:8      | Lost mutation: You are agile. (Dex +4, Str/Int -1) [potion
                  | of mutation]
  5805 | D:8      | Gained mutation: You have sharp toenails. [potion of
                  | mutation]
  6322 | D:8      | Found a glowing golden altar of the Shining One.
  6542 | D:9      | Noticed Erolcha
  6558 | D:9      | Killed Erolcha
  6558 | D:9      | Reached ***** piety under Okawaru
  6820 | D:9      | Noticed Pikel
  6825 | D:9      | Killed Pikel
  6943 | D:9      | Paralysed by a hornet for 3 turns
  7164 | D:10     | Entered Level 10 of the Dungeon
  7228 | D:10     | Noticed an angel
  7229 | D:10     | Found a shimmering altar of Xom.
  7230 | D:10     | Found a glowing silver altar of Zin.
  7236 | D:10     | Reached XP level 11. HP: 83/89 MP: 10/10
  7459 | D:10     | Found a hide-covered altar of Uskayaw.
  7476 | D:10     | Reached skill level 10 in Armour
  7479 | D:10     | Reached skill level 10 in Fighting
  7479 | D:10     | Reached skill level 10 in Shields
  7841 | D:11     | Found an iron altar of Okawaru.
  8046 | D:11     | Reached skill level 10 in Axes
  8069 | D:11     | Noticed a boulder beetle
  8083 | D:11     | Killed a boulder beetle
  8083 | D:11     | Reached ****** piety under Okawaru
  8173 | D:11     | Noticed Psyche
  8182 | D:11     | Killed Psyche
  8182 | D:11     | Identified the +1 scale mail of the Tick {Contam rCorr
                  | Int+5 Slay+3} (Okawaru gifted it to you on level 11 of the
                  | Dungeon)
  8182 | D:11     | Received a gift from Okawaru
  8280 | D:11     | Identified the +1 helmet of the Spheres {rC- rN++ Str+9
                  | Dex-2}
  8606 | D:11     | Lost mutation: You are frail. (-10% HP) [potion of
                  | mutation]
  8606 | D:11     | Lost mutation: You have sharp toenails. [potion of
                  | mutation]
  8606 | D:11     | Gained mutation: You are frail. (-10% HP) [potion of
                  | mutation]
  8606 | D:11     | Gained mutation: Your muscles are strong. (Str +4, Int/Dex
                  | -1) [potion of mutation]
  8606 | D:11     | Gained mutation: You have hidden genetic defects. [potion
                  | of mutation]
  8606 | D:11     | Gained mutation: You are partially covered in iridescent
                  | scales. (AC +2) [potion of mutation]
  8957 | D:12     | Noticed a green ugly thing
  8964 | D:12     | Killed a green ugly thing
  8990 | D:12     | Noticed a two-headed ogre
  8996 | D:12     | Killed a two-headed ogre
  9276 | D:12     | Gained mutation: Your spells are a little easier to cast,
                  | but a little less powerful. [hidden defects]
  9385 | D:12     | Found a staircase to the Orcish Mines.
  9620 | D:13     | Found a gate leading to a gauntlet.
  9622 | D:13     | Noticed a deep elf pyromancer
  9627 | D:13     | Killed a deep elf pyromancer
  9632 | Gauntlet | Entered a Gauntlet
  9632 | Gauntlet | Found a transporter.
  9632 | Gauntlet | Found a transporter.
  9634 | Gauntlet | Noticed an oklob plant
  9645 | Gauntlet | Found a transporter.
  9661 | Gauntlet | Noticed a death scarab
  9662 | Gauntlet | Found a transporter.
  9662 | Gauntlet | Found a transporter.
  9664 | Gauntlet | Found a transporter.
  9664 | Gauntlet | Found a transporter.
  9665 | Gauntlet | Found a transporter.
  9665 | Gauntlet | Noticed a death scarab
  9666 | Gauntlet | Noticed a death yak
  9667 | Gauntlet | Noticed a blizzard demon
  9667 | Gauntlet | Noticed a death yak
  9676 | Gauntlet | Found a transporter.
  9691 | Gauntlet | Found a runed translucent door.
  9691 | Gauntlet | Noticed a death yak
  9692 | Gauntlet | Found a transporter.
  9692 | Gauntlet | Noticed a death yak
  9693 | Gauntlet | Found a runed translucent door.
  9695 | Gauntlet | Noticed a death yak
  9699 | Gauntlet | Noticed a hell hog
  9702 | Gauntlet | Found a transporter.
  9716 | Gauntlet | Found a transporter.
  9750 | Gauntlet | Found a transporter.
  9762 | Gauntlet | Found a transporter.
  9815 | Gauntlet | Killed an oklob plant
  9816 | Gauntlet | Reached XP level 12. HP: 93/99 MP: 11/11
  9837 | Gauntlet | Identified the +0 hat of Olunticzi {Drain rElec rF++ Str+2}
  9866 | Gauntlet | Killed a death scarab
  9874 | Gauntlet | Killed a death scarab
  9881 | Gauntlet | Identified the +0 cloak "Galarah" {Harm rF- Dex+6}
  9895 | Gauntlet | Gained mutation: You occasionally lose the ability to read
                  | scrolls when taking damage. [hidden defects]
  9895 | Gauntlet | Lost mutation: You have hidden genetic defects. [hidden
                  | defects expressed]
  9898 | Gauntlet | Killed a death yak
  9906 | Gauntlet | Killed a death yak
  9907 | Gauntlet | Reached skill level 10 in Dodging
  9910 | Gauntlet | Killed a death yak
  9915 | Gauntlet | Killed a death yak
  9915 | Gauntlet | Identified the +1 cloak of the Other Side {rF- rN+ Str+3}
                  | (Okawaru gifted it to you in a Gauntlet)
  9915 | Gauntlet | Received a gift from Okawaru
  9918 | Gauntlet | Killed a death yak
 10210 | Gauntlet | Identified the +5 sling of Resourcefulness {heavy, Str+5
                  | Int+3 Dex-2}
 10210 | Gauntlet | Identified the +11 scimitar "Luym" {elec, rElec Int+2}
 10210 | Gauntlet | Noticed a minotaur
 10221 | Gauntlet | Killed a minotaur
 10848 | D:13     | Found Vuamp's Antique Armour Emporium.
 10889 | D:13     | Noticed a two-headed ogre
 10895 | D:13     | Killed a two-headed ogre
 11144 | D:14     | Noticed a centaur warrior
 11150 | D:14     | Killed a centaur warrior
 11199 | D:14     | Received a gift from Okawaru
 11227 | D:14     | Reached XP level 13. HP: 107/107 MP: 12/12
 11305 | D:14     | Identified a scroll of acquirement
 11313 | D:14     | Acquired a +4 heavy broad axe
 11616 | D:14     | Found a gate to the Vaults.
 11642 | D:14     | Got Sif Muna's Verses on Intoxicating Frost
 12155 | Lair:1   | Entered Level 1 of the Lair of Beasts
 12309 | Lair:1   | Received a gift from Okawaru
 13001 | Lair:2   | Found a dark tunnel.
 13016 | Volcano  | Entered a volcano
 13134 | Volcano  | Found a radiant altar of Vehumet.
 13157 | Volcano  | Noticed a red draconian
 13167 | Volcano  | Killed a red draconian
 13167 | Volcano  | Received a gift from Okawaru
 13330 | Lair:2   | Reached XP level 14. HP: 117/117 MP: 13/13
 13544 | Lair:2   | You fall into a shaft and drop 1 floor!
 13544 | Lair:3   | Noticed Sonja
 13551 | Lair:3   | Killed Sonja
 13867 | Lair:2   | Found a staircase to the Snake Pit.
 13948 | Lair:2   | Identified the +2 whip of Yesterday {flame, Str+4 Int+3}
 14882 | Lair:3   | Found a staircase to the Shoals.
 15278 | Lair:4   | Lost mutation: Your spells are a little easier to cast, but
                  | a little less powerful. [potion of mutation]
 15278 | Lair:4   | Lost mutation: You occasionally lose the ability to read
                  | scrolls when taking damage. [potion of mutation]
 15278 | Lair:4   | Gained mutation: You are mostly covered in iridescent
                  | scales. (AC +4) [potion of mutation]
 15278 | Lair:4   | Gained mutation: You are completely covered in iridescent
                  | scales. (AC +6) [potion of mutation]
 15304 | Lair:4   | Found a viscous altar of Jiyva.
 15304 | Lair:4   | Found a staircase to the Slime Pits.
 15653 | Lair:4   | Identified the +3 ring mail of Apluemuwn {rCorr} (Okawaru
                  | gifted it to you on level 4 of the Lair of Beasts)
 15653 | Lair:4   | Received a gift from Okawaru
 15951 | Lair:5   | Entered Level 5 of the Lair of Beasts
 16390 | Lair:5   | Reached XP level 15. HP: 125/125 MP: 14/14
 16392 | Lair:5   | Acquired the +2 pair of gloves "Qarroiw" {rC+ Int+4}
 16694 | Lair:5   | Identified the +2 quarterstaff of Classification {heavy,
                  | Fly Stlth+}
 16779 | Lair:5   | Reached skill level 15 in Armour
 16886 | Lair:5   | Reached skill level 15 in Shields
 16892 | Lair:5   | Reached skill level 15 in Fighting
 17068 | Lair:5   | Identified the +4 short sword "Yfou" {holy, Int+5}
 17424 | Orc:1    | Entered Level 1 of the Orcish Mines
 17470 | Orc:1    | Found Diykli's Vocational Training.
 17625 | Orc:2    | Entered Level 2 of the Orcish Mines
 17829 | Orc:2    | Identified the +0 buckler of Hareic {Dex+4} (Okawaru gifted
                  | it to you on level 2 of the Orcish Mines)
 17829 | Orc:2    | Received a gift from Okawaru
 18301 | Orc:2    | Reached skill level 15 in Axes
 18303 | Orc:2    | Noticed Saint Roka
 18305 | Orc:2    | Noticed Urug
 18577 | Orc:2    | Noticed Nergalle
 18583 | Orc:2    | Killed Urug
 18586 | Orc:2    | Killed Nergalle
 18590 | Orc:2    | Killed Saint Roka
 18804 | Orc:2    | Found Huppeseokh's Antique Armour Shoppe.
 18833 | Orc:2    | Found Zuanufeh's Antique Weapon Shoppe.
 18955 | Orc:2    | Found a staircase to the Elven Halls.
 19103 | Orc:2    | Found Dutix's General Store.
 19139 | Orc:2    | Found Qumacut's Jewellery Shoppe.
 19370 | D:15     | Entered Level 15 of the Dungeon
 19746 | D:15     | Found Osugahap's Weapon Boutique.
 19788 | D:15     | Identified the +8 executioner's axe of Koolepurch {flame,
                  | *Corrode rF+ rC+ Int+4} (Okawaru gifted it to you on level
                  | 15 of the Dungeon)
 19788 | D:15     | Received a gift from Okawaru
 19790 | D:15     | Found a staircase to the Depths.
 20403 | Snake:1  | Entered Level 1 of the Snake Pit
 20754 | Snake:1  | Acquired 1092 gold pieces
 20764 | Snake:1  | Found Hentucej's Jewellery Emporium.
 20764 | Snake:1  | Found Xogeg's Book Boutique.
 20765 | Snake:1  | Found Siror's Jewellery Emporium.
 21595 | Snake:2  | Reached XP level 16. HP: 135/135 MP: 15/15
 21732 | Snake:2  | Identified the +8 plate armour of Kystalis {rF+} (Okawaru
                  | gifted it to you on level 2 of the Snake Pit)
 21732 | Snake:2  | Received a gift from Okawaru
 22881 | Snake:3  | Noticed Louise
 22899 | Snake:3  | Noticed Vashnia
 23253 | Snake:3  | Killed Vashnia
 23273 | Snake:3  | Killed Louise
 23454 | Snake:3  | Reached skill level 15 in Dodging
 24076 | Snake:3  | Found Valyny Jari's Mass Market.
 24414 | Snake:4  | Entered Level 4 of the Snake Pit
 24429 | Snake:4  | Identified the +3 pair of boots of Indemnity {Rampage Str+2
                  | Int+4} (Okawaru gifted it to you on level 4 of the Snake
                  | Pit)
 24429 | Snake:4  | Received a gift from Okawaru
 24966 | Snake:4  | Reached XP level 17. HP: 144/144 MP: 16/16
 25978 | Snake:4  | Identified the +0 troll leather armour of Xushreipoi {rPois
                  | rF- Will+ Regen+} (Okawaru gifted it to you on level 4 of
                  | the Snake Pit)
 25978 | Snake:4  | Received a gift from Okawaru
 26582 | Snake:4  | Got a serpentine rune of Zot
 26820 | Shoals:1 | Entered Level 1 of the Shoals
 27904 | Shoals:2 | Found Xoutup's Antique Armour Boutique.
 27912 | Shoals:2 | Bought a pair of dazzling gloves for 199 gold pieces
 27912 | Shoals:2 | Identified the -1 pair of gloves of Jefy {rN+++ Str+6
                  | Dex-5} (You bought it in a shop on level 2 of the Shoals)
 27912 | Shoals:2 | Bought a twisted scale mail for 189 gold pieces
 27912 | Shoals:2 | Identified the +0 scale mail "Biotseog" {rC+ Will+} (You
                  | bought it in a shop on level 2 of the Shoals)
 27993 | Shoals:2 | Noticed Polyphemus
 28009 | Shoals:2 | HP: 7/146 [merfolk/+0 trident (5)]
 28010 | Shoals:2 | HP: 3/146 [merfolk/+0 trident (2)]
 28015 | Shoals:2 | HP: 7/146 [water nymph/the raging water (34)]
 28370 | Shoals:2 | Received a gift from Okawaru
 28370 | Shoals:2 | Found the +8 frozen axe "Frostbite" {freeze, freezing
                  | cloud, *Noise Fly rC+}
 28514 | Shoals:2 | Killed Polyphemus
 29448 | Shoals:2 | Upgraded the game from 0.30-a0-950-gbf40cfac39 to
                  | 0.30-a0-989-g0d87f670db
 29503 | Shoals:3 | Reached XP level 18. HP: 126/154 MP: 17/17
 29530 | Shoals:2 | Received a gift from Okawaru
 30437 | Shoals:4 | Entered Level 4 of the Shoals
 30475 | Shoals:4 | Received a gift from Okawaru
 30656 | Shoals:4 | Noticed Ilsuiw
 30860 | Shoals:4 | Killed Ilsuiw
 31334 | Shoals:4 | Noticed Mlioglotl
 31343 | Shoals:4 | Killed Mlioglotl
 31553 | Shoals:4 | Identified the +1 war axe "Kecis" {drain, rF+ Int+3}
                  | (Okawaru gifted it to you on level 4 of the Shoals)
 31553 | Shoals:4 | Received a gift from Okawaru
 31754 | Shoals:4 | Got a barnacled rune of Zot
 32572 | Vaults:1 | Entered Level 1 of the Vaults
 32611 | Vaults:1 | Found Picipn's Antique Armour Boutique.
 32741 | Vaults:1 | Bought a slimy cloak for 294 gold pieces
 32741 | Vaults:1 | Identified the +1 cloak of Magic {rElec rF+ Will- Dex+4}
                  | (You bought it in a shop on level 1 of the Vaults)
 32772 | Vaults:1 | Found Biefint's Jewellery Shop.
 32999 | Vaults:1 | Received a gift from Okawaru
 33284 | Vaults:1 | Reached XP level 19. HP: 138/164 MP: 18/18
 33491 | Vaults:1 | Found Ajadorgh's Armour Shop.
 33547 | Vaults:1 | Identified the +0 scale mail of the Frog {rN++}
 33762 | Vaults:1 | Identified the +9 war axe "Inococ" {freeze, Fly rF++ SInv}
                  | (Okawaru gifted it to you on level 1 of the Vaults)
 33762 | Vaults:1 | Received a gift from Okawaru
 34017 | Vaults:2 | Found a staircase to the Crypt.
 34017 | Vaults:2 | Found a basalt altar of Yredelemnul.
 34017 | Vaults:2 | Found an ancient bone altar of Kikubaaqudgha.
 34219 | Vaults:2 | Received a gift from Okawaru
 34276 | Vaults:2 | Identified the ring "Myboytach" {Fly rPois Will++}
 34853 | Vaults:2 | Noticed Asterion
 34876 | Vaults:2 | Killed Asterion
 35206 | Vaults:2 | Identified the +1 shortbow of Dust {heavy, Stlth+}
 35425 | Vaults:2 | Identified the +8 broad axe "Yhew" {spect, Drain rF+ Will+
                  | Str+6} (Okawaru gifted it to you on level 2 of the Vaults)
 35425 | Vaults:2 | Received a gift from Okawaru
 36318 | Vaults:3 | Noticed Margery
 36337 | Vaults:3 | Killed Margery
 36338 | Vaults:3 | Reached XP level 20. HP: 115/170 MP: 17/19
 36984 | Vaults:3 | Identified the -2 pair of gloves "Gouluaph" {+Blink rElec
                  | Dex+2 Stlth+} (Okawaru gifted it to you on level 3 of the
                  | Vaults)
 36984 | Vaults:3 | Received a gift from Okawaru
 38272 | Vaults:4 | Found Keuw's Weapon Emporium.
 38996 | Vaults:4 | Found Imeah's Weapon Shoppe.
 39529 | Elf:1    | Entered Level 1 of the Elven Halls
 39724 | Elf:1    | Identified the +4 war axe of Xinlaareqi {heavy, rElec
                  | Dex+6} (Okawaru gifted it to you on level 1 of the Elven
                  | Halls)
 39724 | Elf:1    | Received a gift from Okawaru
 39954 | Elf:1    | Found Wurchany's Weapon Emporium.
 40116 | Elf:1    | You fall into a shaft and drop 1 floor!
 40205 | Elf:2    | Reached XP level 21. HP: 182/183 MP: 20/20
 40305 | Elf:2    | Found a runed translucent gate.
 40305 | Elf:2    | Found a runed translucent gate.
 40306 | Elf:2    | Found a runed translucent gate.
 40358 | Elf:2    | Received a gift from Okawaru
 41321 | Elf:2    | Found Zenlu's Distillery.
 41325 | Elf:2    | Bought a potion of heal wounds for 75 gold pieces
 41325 | Elf:2    | Bought a potion of curing for 45 gold pieces
 41325 | Elf:2    | Bought a potion of heal wounds for 75 gold pieces
 41325 | Elf:2    | Bought a potion of heal wounds for 75 gold pieces
 41325 | Elf:2    | Bought a potion of flight for 45 gold pieces
 41325 | Elf:2    | Bought a potion of heal wounds for 75 gold pieces
 41325 | Elf:2    | Bought a potion of might for 60 gold pieces
 41325 | Elf:2    | Bought a potion of might for 60 gold pieces
 41325 | Elf:2    | Bought a potion of magic for 120 gold pieces
 41333 | Elf:3    | Entered Level 3 of the Elven Halls
 42321 | Elf:3    | Identified the +1 short sword "Epsib" {antimagic, Int+2}
                  | (Okawaru gifted it to you on level 3 of the Elven Halls)
 42321 | Elf:3    | Received a gift from Okawaru
 42325 | Elf:3    | Identified the +2 robe of Hedging {Str+3 Int+3}
 42663 | Elf:3    | Identified the +4 executioner's axe "Suceotar" {elec, rN+}
 42897 | Elf:3    | Acquired a manual of Fighting
 42949 | Elf:3    | Got the Incunabulum of Freezing and the Compass
 43116 | Elf:3    | Identified the staff of conjuration "Zisy" {Dex+2}
 43528 | Vaults:4 | Upgraded the game from 0.30-a0-989-g0d87f670db to
                  | 0.30-a0-1002-ga41ad49a19
 43542 | Vaults:5 | Entered Level 5 of the Vaults
 43543 | Vaults:5 | Noticed a dread lich
 43565 | Vaults:4 | Received a gift from Okawaru
 43570 | Vaults:4 | Killed a dread lich
 43607 | Vaults:5 | Paralysed by a sphinx for 3 turns
 43842 | Vaults:5 | Noticed a golden dragon
 43853 | Vaults:5 | Killed a golden dragon
 43907 | Vaults:5 | Identified the +8 shortbow of Ashenzari's Pride {speed,
                  | Int+5}
 43908 | Vaults:5 | Reached XP level 22. HP: 146/193 MP: 21/21
 43971 | Vaults:5 | Identified the +9 quick blade of the Shrinking Gods {venom,
                  | Contam rPois Str+5} (Okawaru gifted it to you on level 5 of
                  | the Vaults)
 43971 | Vaults:5 | Received a gift from Okawaru
 44170 | Vaults:5 | Identified the +2 robe "Loig" {rElec rC+ Str+3 Dex-5}
 44311 | Vaults:5 | Identified the staff of fire "Fyothruv" {rF+ Str+2 Int+4}
 44836 | Vaults:5 | Received a gift from Okawaru
 44913 | Vaults:5 | Identified the +0 chain mail "Suuraus" {Stlth+}
 45177 | Vaults:5 | Reached skill level 1 in Invocations
 45285 | Vaults:5 | Got the Discursus on the Sandy Atmosphere
 45470 | Vaults:5 | Got a silver rune of Zot
 45490 | Vaults:5 | Noticed Frederick
 45501 | Vaults:5 | Killed Frederick
 46037 | Crypt:1  | Entered Level 1 of the Crypt
 46106 | Crypt:1  | Reached skill level 5 in Invocations
 46213 | Crypt:1  | Received a gift from Okawaru
 46305 | Crypt:1  | Received a gift from Okawaru
 47128 | Crypt:2  | Noticed Xtahua
 47128 | Crypt:2  | Noticed Donald
 47133 | Crypt:2  | Killed Xtahua
 47141 | Crypt:2  | Killed Donald
 47269 | Crypt:2  | Paralysed by something for 4 turns
 47429 | Crypt:2  | Reached XP level 23. HP: 103/204 MP: 28/28
 47663 | Crypt:2  | Received a gift from Okawaru
 47770 | Crypt:2  | Found an ancient bone altar of Kikubaaqudgha.
 47771 | Crypt:2  | Noticed Mennas
 47785 | Crypt:2  | Killed Mennas
 48062 | Crypt:3  | Entered Level 3 of the Crypt
 48292 | Crypt:3  | Noticed a dread lich
 48302 | Crypt:3  | Killed a dread lich
 48608 | Crypt:3  | Found an ancient bone altar of Kikubaaqudgha.
 48608 | Crypt:3  | Noticed Boris
 48611 | Crypt:3  | Received a gift from Okawaru
 48635 | Crypt:3  | Killed Boris
 48713 | Crypt:3  | Got the Opusculum on Malignant Secrets
 48823 | Crypt:3  | Noticed Jory
 48836 | Crypt:3  | Killed Jory
 48862 | Crypt:3  | Identified the +6 scale mail of Perpetual Drought {rC+++
                  | rCorr Str-5 Int-3}
 49334 | Crypt:3  | Found a staircase to the Tomb.
 49703 | Depths:1 | Entered Level 1 of the Depths
 49791 | Depths:1 | Noticed Boris
 49802 | Depths:1 | Killed Boris
 49915 | Depths:1 | Found a one-way gateway to a ziggurat.
 49933 | Depths:1 | Reached XP level 24. HP: 218/218 MP: 28/28
 49951 | Depths:1 | Identified the +4 chain mail of the Earth {rElec Will-
                  | Str-2 Int+8} (Okawaru gifted it to you on level 1 of the
                  | Depths)
 49951 | Depths:1 | Received a gift from Okawaru
 50080 | Depths:1 | Found a gateway to Hell.
 50184 | Depths:1 | Found a runed translucent door.
 50607 | Depths:1 | Found a one-way gate to the infinite horrors of the Abyss.
 50648 | Depths:2 | Noticed Mara
 50651 | Depths:2 | Noticed jrbgvjkr's illusion
 50662 | Depths:2 | Killed Mara
 50783 | Depths:2 | Found a glowing silver altar of Zin.
 50785 | Depths:2 | Found a burning altar of Makhleb.
 50785 | Depths:2 | Found a burning altar of Makhleb.
 50787 | Depths:2 | Found a shimmering altar of Xom.
 50787 | Depths:2 | Found a shimmering blue altar of Sif Muna.
 50787 | Depths:2 | Found an opulent altar of Gozag.
 50963 | Depths:2 | Acquired a manual of Axes
 50992 | Depths:2 | You fall into a shaft and drop 2 floors!
 50992 | Depths:4 | Entered Level 4 of the Depths
 51075 | Depths:3 | Found a portal to a secret trove of treasure.
 51123 | Depths:3 | Found a hide-covered altar of Uskayaw.
 51144 | Depths:3 | Noticed Boris
 51158 | Depths:3 | Killed Boris
 51261 | Depths:2 | Found a one-way gate leading to the halls of Pandemonium.
 51301 | Depths:2 | Identified the +6 bardiche of Symmetry {heavy, rElec rPois
                  | rN++ Will-}
 52068 | Depths:3 | Received a gift from Okawaru
 52079 | Depths:3 | Identified the ring of Bajun {rElec rC- Str+2 Dex+6}
 52082 | Depths:3 | Identified the staff of death "Juynuf" {rN+ Dex+3}
 52845 | Depths:4 | Identified the ring of Ziawn {EV+5 Dex+3}
 53209 | Depths:4 | Noticed a juggernaut
 53216 | Depths:4 | Killed a juggernaut
 53355 | Depths:4 | Found a gate to the Realm of Zot.
 53763 | Depths:4 | Found a runed translucent door.
 53764 | Depths:4 | Noticed Qikas's ghost (veteran MiBe)
 54338 | Zig:1    | Entered Level 1 of a ziggurat
 54347 | Zig:2    | Entered Level 2 of a ziggurat
 54347 | Zig:2    | Noticed Aliakh the pandemonium lord
 54353 | Zig:2    | Killed Aliakh the pandemonium lord
 54355 | Zig:2    | Identified the +3 long sword "Enofu" {flame, rElec rF- rN+}
 54365 | Zig:3    | Entered Level 3 of a ziggurat
 54374 | Zig:3    | Reached XP level 25. HP: 155/228 MP: 28/28
 54429 | Zig:3    | Identified the staff of poison "Nife Tyi" {rPois Str+6
                  | Int-5}
 54434 | Zig:4    | Entered Level 4 of a ziggurat
 54435 | Zig:4    | Noticed Kokhel the pandemonium lord
 54444 | Zig:4    | Killed Kokhel the pandemonium lord
 54459 | Zig:5    | Entered Level 5 of a ziggurat
 54632 | Zig:6    | Entered Level 6 of a ziggurat
 54635 | Zig:6    | Noticed a shard shrike
 54643 | Zig:6    | Killed a shard shrike
 54667 | Zig:7    | Entered Level 7 of a ziggurat
 54818 | Zig:7    | Identified the +5 long sword of Patterns {flame, rPois}
 54824 | Zig:7    | Got the Commentary on Geomancy
 54828 | Zig:8    | Entered Level 8 of a ziggurat
 54833 | Zig:8    | Noticed Giludets the pandemonium lord
 54847 | Zig:9    | Entered Level 9 of a ziggurat
 54890 | Zig:9    | Gained mutation: Your spells are a little easier to cast,
                  | but a little less powerful. [a shining eye]
 54891 | Zig:9    | Identified the +7 war axe of Grace {freeze, Contam *Noise
                  | rElec Str+8} (Okawaru gifted it to you on level 9 of a
                  | ziggurat)
 54891 | Zig:9    | Received a gift from Okawaru
 54986 | Zig:9    | Identified the amulet "Suafutz" {RegenMP rPois Dex+2}
 54991 | Zig:9    | Identified the +3 quick blade "Jicibb" {flame, rCorr}
 54994 | Zig:9    | Got Sif Muna's Anthology of Poison
 54998 | Zig:9    | Identified the +5 spear of Death {pain, rElec Dex+3 Stlth+}
 55004 | Zig:10   | Entered Level 10 of a ziggurat
 55498 | Slime:1  | Entered Level 1 of the Pits of Slime
 55596 | Slime:5  | Entered Level 5 of the Pits of Slime
 55631 | Slime:5  | Gained mutation: You are dopey. (Int -2) [a shining eye]
 55653 | Slime:5  | Noticed the Royal Jelly
 55654 | Slime:5  | Found a viscous altar of Jiyva.
 55665 | Slime:5  | Killed the Royal Jelly
 55781 | Slime:5  | Identified the +9 great mace "Ciateysch" {drain, Str+4
                  | Int-2 SInv}
 55846 | Slime:5  | Identified the ring "Urun" {rF+ Str+2 Int+4}
 55850 | Slime:5  | Got a slimy rune of Zot
 55865 | Slime:5  | Identified the +1 ring mail of Pugallic {Contam Harm Str+5
                  | Dex+3}
 55971 | Lair:4   | Lost mutation: You are completely covered in iridescent
                  | scales. (AC +6) [potion of mutation]
 55971 | Lair:4   | Lost mutation: You are frail. (-10% HP) [potion of
                  | mutation]
 55971 | Lair:4   | Lost mutation: You are dopey. (Int -2) [potion of mutation]
 55971 | Lair:4   | Lost mutation: Your muscles are strong. (Str +4, Int/Dex
                  | -1) [potion of mutation]
 55971 | Lair:4   | Gained mutation: You are robust. (+10% HP) [potion of
                  | mutation]
 55971 | Lair:4   | Gained mutation: Your flesh is cold resistant. (rC+)
                  | [potion of mutation]
 56337 | Zot:1    | Entered Level 1 of the Realm of Zot
 56418 | Zot:1    | Noticed an orb of fire
 56428 | Zot:1    | Noticed Grunn
 56430 | Zot:1    | Killed an orb of fire
 56439 | Zot:1    | Received a gift from Okawaru
 56447 | Zot:1    | Killed Grunn
 57052 | Zot:1    | Reached skill level 27 in Fighting
 57147 | Zot:1    | You fall into a shaft and drop 1 floor!
 57323 | Zot:2    | Received a gift from Okawaru
 57931 | Zot:2    | Reached skill level 27 in Axes
 57943 | Zot:2    | Reached XP level 26. HP: 288/292 MP: 28/28
 58037 | Depths:3 | You paid a toll of +2 storm dragon scales to enter a
                  | treasure trove
 58038 | Trove    | Entered a treasure trove
 58054 | Trove    | Identified the scarf of Eternity {repulsion, Harm}
 58057 | Trove    | Identified the ring of Niceblo {rElec rC+ rN+}
 58060 | Trove    | Identified the +0 hat "Domovell" {rElec rCorr}
 58061 | Trove    | Identified the amulet "Jabynuav" {Spirit rCorr}
 58064 | Trove    | Identified the amulet of Awe {Spirit Regen+ Str+4}
 58381 | Zot:2    | Received a gift from Okawaru
 58385 | Zot:2    | Noticed an ancient lich
 58394 | Zot:2    | Killed an ancient lich
 58454 | Zot:2    | Found a stormy altar of Qazlal.
 59470 | Zot:3    | Identified the +1 kite shield of the Trombone {*Corrode rF+
                  | Regen+ Str+2} (Okawaru gifted it to you on level 3 of the
                  | Realm of Zot)
 59470 | Zot:3    | Received a gift from Okawaru
 59537 | Zot:3    | Noticed Parghit
 59543 | Zot:3    | Killed Parghit
 59585 | Zot:3    | Noticed an orb of fire
 59597 | Zot:3    | Killed an orb of fire
 59601 | Zot:3    | HP: 7/292 [red draconian scorcher/damnation (22)]
 61885 | Zot:4    | Identified the +3 broad axe "Xahiujao" {venom, rCorr Int+3}
                  | (Okawaru gifted it to you on level 4 of the Realm of Zot)
 61885 | Zot:4    | Received a gift from Okawaru
 62132 | Zot:4    | Reached skill level 27 in Armour
 62135 | Zot:4    | Reached skill level 27 in Shields
 62478 | Zot:5    | Entered Level 5 of the Realm of Zot
 62564 | Zot:5    | Reached XP level 27. HP: 247/300 MP: 23/28
 62849 | Zot:5    | Noticed a dread lich
 62855 | Zot:5    | Noticed an ancient lich
 62856 | Zot:5    | Killed a dread lich
 62856 | Zot:5    | Received a gift from Okawaru
 62862 | Zot:5    | Noticed an orb of fire
 62872 | Zot:5    | Killed an ancient lich
 62885 | Zot:5    | Gained mutation: You sometimes lose your temper in combat.
                  | [an orb of fire]
 62886 | Zot:5    | Killed an orb of fire
 62893 | Zot:5    | Noticed an orb of fire
 62924 | Zot:5    | Killed an orb of fire
 63257 | Zot:5    | Noticed an orb of fire
 63267 | Zot:5    | Lost mutation: You are robust. (+10% HP) [an orb of fire]
 63268 | Zot:5    | Killed an orb of fire
 63416 | Zot:5    | Reached skill level 27 in Dodging
 63421 | Zot:5    | Reached skill level 1 in Spellcasting
 63576 | Zot:5    | Noticed an orb of fire
 63580 | Zot:5    | Gained mutation: Your spells are easier to cast, but less
                  | powerful. [an orb of fire]
 63589 | Zot:5    | Gained mutation: Your magical capacity is low. (-10% MP)
                  | [an orb of fire]
 63593 | Zot:5    | Lost mutation: Your magical capacity is low. (-10% MP) [an
                  | orb of fire]
 63595 | Zot:5    | Killed an orb of fire
 63740 | Zot:5    | Noticed an orb of fire
 63744 | Zot:5    | Reached skill level 5 in Spellcasting
 63745 | Zot:5    | Identified the +4 sling "Utheusag" {freeze, Contam rPois
                  | MP+9 Dex+7} (Okawaru gifted it to you on level 5 of the
                  | Realm of Zot)
 63745 | Zot:5    | Received a gift from Okawaru
 63751 | Zot:5    | Noticed a dread lich
 63758 | Zot:5    | Killed an orb of fire
 63775 | Zot:5    | Killed a dread lich
 64214 | Depths:4 | Voluntarily entered the Abyss.
 64664 | Abyss:2  | Found a corrupted altar of Lugonu.
 64727 | Abyss:2  | Found a corrupted altar of Lugonu.
 64858 | Abyss:2  | Found a corrupted altar of Lugonu.
 64869 | Abyss:2  | Found a corrupted altar of Lugonu.
 64890 | Abyss:2  | Found a corrupted altar of Lugonu.
 64890 | Abyss:2  | Found a corrupted altar of Lugonu.
 64963 | Abyss:2  | Paralysed by accursed screaming for 1 turns
 65570 | Abyss:3  | Identified the +2 hat "Naclaufi" {Slay+3} (Okawaru gifted
                  | it to you on level 3 of the Abyss)
 65570 | Abyss:3  | Received a gift from Okawaru
 65634 | Abyss:3  | Got an abyssal rune of Zot
 65664 | Depths:4 | Escaped the Abyss
 65749 | Depths:4 | Noticed the Enchantress
 65770 | Depths:4 | Killed the Enchantress
 65909 | Depths:4 | Killed Qikas's ghost
 66193 | Zot:5    | Got the Orb of Zot
 66859 | D:$      | Escaped with the Orb!

Illustrated notes

Levels and vault maps discovered:
D:1:      spicycebolla_arrival_risky_transporter, layout_basic
D:2:      kb_forest_paths, layout_rooms, serial_shops, shop, uniq_terence
D:3:      layout_loops_ring, serial_shops, shop, minmay_joined_circles
D:4:      layout_rooms, minmay_temple_entry_sparse_star
D:5:      corexii_shack_village, layout_loops_ring, kennysheep_little_box,
          grunt_dithmenos_smoke_and_mirrors
D:6:      layout_basic, lightli_temple_of_fire, elyvilon_altar_5
D:7:      layout_loops_ring, solitary_fountain
D:8:      layout_loops_ring, fiery_altar_vehumet, lemuel_coloured_pillars_altar,
          due_lair_maze_entry_diamond, nicolae_ossuary_entry_monument,
          uniq_maurice
D:9:      layout_gridville, uniq_erolcha, uniq_pikel
D:10:     layout_long_grid, grunt_temple_overflow_order_and_chaos_1,
          kennysheep_mini
D:11:     layout_irregular_city, okawaru_humans, uniq_psyche
D:12:     layout_irregular_city, erik_orc_1
D:13:     layout_long_grid, serial_shops, nicolae_shop_statue_plus,
          gauntlet_entry_generic
D:14:     layout_roguey, grunt_vaults_entry_tiered, minivault_20
D:15:     gammafunk_depths_entry_grave, layout_basic, serial_undead,
          serial_undead_f, serial_undead_f, serial_undead_d, serial_undead_c,
          dreamdust_princess_corridor, serial_shops, shop
Temple:   nicolae_temple_figure_eight
Lair:1:   layout_roguey, chequers_serial_rivers_micro_c, grunt_megastairs_3,
          serial_bayou_shore_a, infiniplex_staircase_pool_2
Lair:2:   layout_misc_corridors, minmay_snake_entry_six_corridors,
          nicolae_volcano_entry_lava_flow, nicolae_lair_lakeside_cave
Lair:3:   layout_cave_pods, minmay_shoals_entry_lonely_mermaid,
          roderic_carrion_pond, uniq_sonja
Lair:4:   layout_hall_layers, slime_entry_1, roderic_batcave
Lair:5:   gammafunk_lair_ancient_temple, layout_long_grid
Shoals:1: cheibrodos_shoals_roost, layout_shoals,
          nicolae_shoals_stone_sculpture_thing
Shoals:2: layout_shoals, serial_shops, shop, nicolae_shoals_elemental_ambush,
          uniq_polyphemus
Shoals:3: layout_shoals, nicolae_shoals_pincushion_passage
Shoals:4: shoals_end_grunt_ice, layout_shoals, shoals_ilsuiw_ice,
          nicolae_shoals_hunting_party, uniq_mlioglotl
Snake:1:  layout_layer_cave, minmay_shop_grove
Snake:2:  layout_chambers
Snake:3:  layout_basic, minmay_shop_mass, drop_trap, uniq_louise, uniq_vashnia
Snake:4:  grunt_snake_rune_pools, layout_chambers, grunt_megastairs_2
Slime:1:  layout_caves
Slime:2:  layout_caves
Slime:3:  layout_caves, nicolae_slime_rock_hall_of_fame
Slime:4:  layout_caves
Slime:5
Orc:1:    layout_caves, nicolae_shop_vocational
Orc:2:    grunt_orc_cross, layout_diamond_mine, minmay_orc_keep
Elf:1:    layout_geoelf_grid, serial_shops, shop_fountains,
          minmay_elf_demonology
Elf:2:    elven_hall_of_blades_hangedman_original
          [nicolae_blade_entry_crossed_weapons], layout_rooms, serial_shops,
          shop, minivault_5, grunt_ministairs_9, dk_noncrumbling_2
Elf:3:    minmay_elf_hall_spiked, layout_geoelf_castle,
          dreamdust_princess_bridge
Vaults:1: nicolae_vaults_stairing_the_circle, hangedman_vaults_maws,
          vaults_mumra_hex, vaults_mumra_lcd, ontoclasm_vaults_decontamination,
          nicolae_vaults_rhombus_7, vaults_dpeg_emergency_exit,
          ontoclasm_vaults_shuriken, vaults_dpeg_encased_lava,
          hangedman_vaults_snaps, layout_vaults_omnigrid, serial_shops,
          shop_statue, shop, nicolae_diamond_shop
Vaults:2: st_greater_box_3, hangedman_vaults_stagger,
          minmay_crypt_entry_necro_gods,
          vaults_standard_mumra_enter_the_diamond, v_misc_23, v_misc_15,
          v_misc_23, v_misc_11, nicolae_vaults_little_squares_3,
          layout_vaults_big_room, uniq_asterion
Vaults:3: hangedman_vaults_corner_blocks, nicolae_vaults_what_the_h,
          ontoclasm_vaults_chip, nicolae_vaults_gold_heap,
          vaults_mumra_chevron_long, ontoclasm_vaults_eye, v_misc_33,
          nicolae_vaults_holding_cells, ontoclasm_vaults_claustrophobia,
          v_misc_28, hangedman_vaults_trim, v_misc_8, ontoclasm_vaults_twist,
          nicolae_vaults_little_squares_5, layout_vaults_big_cross, uniq_margery
Vaults:4: v_misc_32, grunt_vaults_diagonal, v_rooms_6, vaults_mumra_hexcomb,
          nicolae_vaults_ring_of_whatevers, hangedman_vaults_hat,
          hangedman_vaults_nodes, special_room_vaults [special_room_orc],
          layout_vaults_omnibox, serial_shops,
          nicolae_shop_bloodbath_and_beyond, nicolae_shop_crystal
Vaults:5: serial_shops, uniq_frederick
Crypt:1:  statuecave_lemuel, layout_rooms, minivault_5
Crypt:2:  cheibrodos_crypt_down_in_the_bonehoard, layout_rooms, hex_large,
          amcnicky_mini_corridor_feature, uniq_xtahua, uniq_mennas, uniq_donald
Crypt:3:  church_of_pain_bobbens, layout_chaotic_city, tomb_entry_shell_bobbens,
          st_stairs_12, grunt_ministairs_13, uniq_boris
Depths:1: layout_gridlike, enter_ziggurat_f, serial_sigils,
          serial_sigils_hangedman_shear, serial_sigils_hangedman_confine,
          serial_sigils_hangedman_gnaw, serial_sigils_hangedman_scratch,
          serial_sigils_hangedman_leer, columned_hall_lemuel,
          abyss_entry_small_statue_room, hangedman_coc_ice_floe,
          minmay_hidden_floor
Depths:2: dreamdust_hydra_shepherd, layout_gridlike, hellmouth_2, pan_entry,
          doesnt_xom_only_xom, uniq_mara
Depths:3: vault_1, layout_cave_pools, grunt_pan_entry_spiral,
          abyss_entry_glasseish, hellmonk_bongcloud_opening,
          pf_hell_entry_tar_spiral, nicolae_trove_entry_free_sample,
          nicolae_uskayaw_murder_on_the_dancefloor, infiniplex_staircase_spiral
Depths:4: grunt_zot_entry_tricorne, layout_basic, ebering_ghost_inner_flame,
          hangedman_geh_valley, grunt_decor_cap, abyss_entry,
          serial_bayou_shore_b, uniq_enchantress
Zot:1:    layout_misc_corridors, uniq_grunn
Zot:2:    regret_index_qazlal_generations, layout_basic
Zot:3:    grunt_zot_stairs_mandelzot, layout_twisted_circle, uniq_parghit
Zot:4:    kennysheep_bubbly, layout_cathedral_of_symmetry, st_stairs_8
Zot:5:    layout_basic

Skill      XL: |  1  2  3  4  5  6  7  8  9 10 11 12 13 14 15 16 17 18 19 20 21 22 23 24 25 26 27 |
---------------+----------------------------------------------------------------------------------+-----
Dodging        | 1 2 3 4 5 6 8 9 10 12 13 14 15 16 17 18 19 20 21 22 23 25 27 | 27.0
Shields        | 4 5 6 7 8 9 11 12 13 14 16 17 18 19 20 21 22 23 24 25 27 | 27.0
Armour         | 4 5 6 7 8 9 11 12 13 14 16 17 18 19 20 21 22 23 24 25 27 | 27.0
Fighting       | 4 5 6 7 8 9 11 12 13 14 16 17 18 19 20 21 22 23 25 26 27 | 27.0
Axes           | 3 4 5 6 8 9 10 12 13 14 15 16 18 19 20 21 22 23 25 27 | 27.0
Invocations    | 8 |  8.0
Spellcasting   | 9 |  9.7

Action                     |  1- 3 |  4- 6 |  7- 9 | 10-12 | 13-15 | 16-18 | 19-21 | 22-24 | 25-27 || total
---------------------------+-------+-------+-------+-------+-------+-------+-------+-------+-------++-------
  Melee: War axe           |    82 |    91 |       |       |       |       |       |       |       ||   173
         Headbutt          |     8 |    13 |    24 |    64 |   205 |   261 |   296 |   467 |   610 ||  1948
         Broad axe         |       |    37 |   149 |   321 |   862 |  1129 |  1120 |  1439 |  1738 ||  6795
 Invoke: Heroism           |       |       |       |     1 |       |     6 |     5 |    10 |     8 ||    30
         Finesse           |       |       |       |     1 |       |       |       |     2 |     3 ||     6
  Evoke: Wand              |       |       |       |       |     1 |     6 |       |     1 |     2 ||    10
    Use: Scroll            |     4 |     6 |    12 |    10 |     8 |    14 |    18 |    14 |    17 ||   103
         Potion            |       |       |       |     3 |     3 |    13 |     6 |     8 |    22 ||    55
   Stab: Petrified         |       |       |       |       |       |     1 |       |       |       ||     1
         Invisible         |       |       |       |       |       |       |     2 |       |     3 ||     5
         Distracted        |       |       |       |       |       |       |       |       |     1 ||     1
 Armour: Scale mail        |    49 |    46 |    34 |   107 |   174 |   429 |   171 |   323 |   323 ||  1656
  Dodge: Dodged            |    54 |    39 |    39 |    75 |   228 |   345 |   219 |   288 |   481 ||  1768
  Block: Buckler           |    16 |    38 |       |       |       |       |       |       |       ||    54
         Kite shield       |       |    17 |    93 |   209 |   570 |   929 |   642 |   682 |   855 ||  3997
         Reflection        |       |     4 |     2 |    16 |    28 |   121 |    88 |    12 |       ||   271

Table legend: (Time is in decaauts)
 A = Elapsed time spent in this place.
 B = Non-inter-level travel time spent in this place.
 C = Inter-level travel time spent in this place.
 D = Time resting spent in this place.
 E = Time spent auto-exploring this place.
 F = Levels seen in this place.
 G = Mean time per level.
                   A        B        C        D        E       F      G
               +--------+--------+--------+--------+--------+-----+--------+
         Total |  64529 |  58724 |   5805 |   3227 |  44003 |  73 |  884.0 |
       Dungeon |  13610 |  11464 |   2146 |    168 |   9193 |  15 |  907.3 |
        Temple |     87 |     72 |     15 |      0 |     49 |   1 |   87.0 |
          Lair |   5232 |   4606 |    626 |      0 |   3850 |   5 | 1046.4 |
        Shoals |   5563 |   5353 |    210 |    583 |   3879 |   4 | 1390.8 |
     Snake Pit |   6146 |   5931 |    215 |    363 |   4804 |   4 | 1536.5 |
    Slime Pits |    394 |    317 |     77 |     41 |      0 |   5 |   78.8 |
  Orcish Mines |   1893 |   1754 |    139 |      2 |   1447 |   2 |  946.5 |
   Elven Halls |   3604 |   3445 |    159 |      0 |   2754 |   3 | 1201.3 |
        Vaults |   8879 |   8345 |    534 |    776 |   6152 |   5 | 1775.8 |
         Crypt |   3307 |   3082 |    225 |     13 |   2199 |   3 | 1102.3 |
        Depths |   5200 |   4634 |    566 |     70 |   3733 |   4 | 1300.0 |
           Zot |   7554 |   6666 |    888 |    295 |   5044 |   5 | 1510.8 |
         Abyss |   1346 |   1346 |      0 |    403 |    443 |   3 |  448.7 |
      Ziggurat |    620 |    620 |      0 |    254 |    103 |  10 |   62.0 |
         Trove |     50 |     50 |      0 |      0 |      0 |   1 |   50.0 |
       Ossuary |    201 |    201 |      0 |      0 |    122 |   1 |  201.0 |
       Volcano |    227 |    227 |      0 |      0 |     53 |   1 |  227.0 |
      Gauntlet |    607 |    607 |      0 |    257 |    174 |   1 |  607.0 |
               +--------+--------+--------+--------+--------+-----+--------+

Top non-repeatable levels by time:
Vaults:2: 2259 daAuts
Vaults:5: 2233 daAuts
 Snake:4: 2154 daAuts
   Zot:4: 1938 daAuts
Depths:4: 1898 daAuts
Shoals:2: 1687 daAuts
   Zot:2: 1665 daAuts
   Zot:3: 1618 daAuts
 Snake:2: 1612 daAuts
   Elf:3: 1590 daAuts
Vaults:3: 1586 daAuts
Vaults:4: 1426 daAuts
Shoals:4: 1388 daAuts
Vaults:1: 1374 daAuts
   Orc:2: 1352 daAuts
